 Dungeon Crawl Stone Soup version 0.29.1-1-gd02db6906a (webtiles) character file.

Game seed: 13233000715369548379

20 Homeless the Caller (level 2, 0/19 HPs)
             Began as a Mummy Summoner on Oct 13, 2022.
             Slain by a jackal (1 damage)
             ... on level 2 of the Dungeon.
             The game lasted 00:04:23 (1159 turns).

Homeless the Caller (Mummy Summoner)                Turns: 1159, Time: 00:04:24

Health: 0/19       AC:  2    Str: 11    XL:     2   Next: 58%
Magic:  0/5        EV: 12    Int: 14    God:
Gold:   27         SH:  0    Dex: 12    Spells: 3/6 levels left

rFire   x . .      SeeInvis .   b - +0 dagger
rCold   + . .      Faith    .   (no shield)
rNeg    + + +      Spirit   .   a - +0 robe
rPois   ∞          Reflect  .   (no helmet)
rElec   .          Harm     .   (no cloak)
rCorr   .          Rampage  .   (no gloves)
Will    .....                   (no boots)
Stlth   ++........              (no amulet)
HPRegen 0.06/turn               (no ring)
MPRegen 0.09/turn               (no ring)

@: no status effects
A: cold resistance 1, negative energy resistance 3, torment resistance 2, heat
vulnerability 1, no potions
a: no special abilities


You were on level 2 of the Dungeon.
You visited 1 branch of the dungeon, and saw 2 of its levels.

You collected 27 gold pieces.

Inventory:

Hand Weapons
 b - a +0 dagger (weapon)
Armour
 a - a +0 robe (worn)
Scrolls
 c - a scroll of magic mapping


   Skills:
 * Level 1.2 Armour
 - Level 1.5 Dodging
 + Level 2.0 Stealth
 - Level 2.6 Spellcasting
 + Level 3.4 Summonings


You had 3 spell levels left.
You knew the following spells:

 Your Spells              Type           Power      Damage    Failure   Level
a - Summon Small Mammal   Summ           44%        N/A       5%          1
b - Call Imp              Summ           11%        N/A       9%          2

Your spell library contained the following spells:

 Spells                   Type           Power      Damage    Failure   Level
 Call Canine Familiar     Summ           11%        N/A       16%         3
 Summon Guardian Golem    Hex/Summ       6%         N/A       32%         3
 Summon Lightning Spire   Summ/Air       6%         N/A       73%         4


Dungeon Overview and Level Annotations

Branches:
Dungeon (1/15)

Altars:


Innate Abilities, Weirdness & Mutations

You are immune to poison.
Your flesh is cold resistant. (rC+)
You are immune to negative energy. (rN+++)
You are immune to unholy pain and torment.
You are vulnerable to heat. (rF-)
You do not drink.


Message History

You closely miss the jackal. The jackal bites you. x2
* * * LOW HITPOINT WARNING * * *
You closely miss the jackal. The jackal barely misses you.
You closely miss the jackal. The jackal completely misses you.
You swap places.
Your bat closely misses the jackal.
The jackal misses your bat. The jackal completely misses you.
You swap places.
Your bat hits the jackal but does no damage.
The jackal closely misses your bat.
Your bat hits the jackal. The jackal attacks as you move away!
The jackal bites you but does no damage.
Your bat misses the jackal.
Your bat closely misses the jackal.
The jackal attacks as you move away! The jackal closely misses you.
Your bat hits the jackal. x2
A ball python comes into view.
Found 15 gold pieces and a scroll labelled UZIUWIWOAF.
Found a faded altar of an unknown god.
The jackal barely misses you.
Casting: Summon Small Mammal (safe; 5% risk of failure)
Press: ? - help, Q - select action, (/) - cycle Dir - look around, f - activate The ball python hisses angrily.
Your bat barely misses the jackal.
Your bat completely misses the jackal.
The jackal closely misses you.
Your bat closely misses the jackal.
A ball python and a bat come into view.
Found a long sword.
The jackal bites you.
* * * LOW HITPOINT WARNING * * *
The jackal attacks as you move away! The jackal bites you.
* * * LOW HITPOINT WARNING * * *
The jackal attacks as you move away! The jackal bites you.
* * * LOW HITPOINT WARNING * * *
The ball python misses you. The ball python closely misses you.
Your bat hits the jackal. The jackal bites you.
* * * LOW HITPOINT WARNING * * *
Casting: Summon Small Mammal (safe; 5% risk of failure)
Press: ? - help, Q - select action, (/) - cycle Dir - look around, f - activate Your bat disappears in a puff of smoke!
The jackal closely misses you. The ball python misses you.
The ball python closely misses you. The jackal bites you.
You die...

#####_##### #.#
#....P....# #.#
#...PP.?..# #†#
#......$.P#####.#
#.P.....P.#r....#
#).P..§r#.b#####
#.......####
#P.SSh..#
#.##.@.##.# #r..#
## #.###.# ## ##


You could see a jackal (ally target), 2 ball pythons and 2 friendly rats.

Vanquished Creatures
  A jackal (D:2)
1 creature vanquished.

Vanquished Creatures (collateral kills)
  3 ball pythons
  An endoplasm (D:1)
  3 goblins (D:1)
  3 hobgoblins (D:1)
  3 jackals
  A bat (D:1)
  A kobold (D:1)
  A rat (D:1)
16 creatures vanquished.

Vanquished Creatures (others)
  5 demonic plants (D:2)
  5 fungi (D:2)
  4 plants (D:2)
  5 toadstools (D:2)
  2 withered plants (D:2)
21 creatures vanquished.

Grand Total: 38 creatures vanquished

Notes
Turn   | Place    | Note
-------+----------+-------------------------------------------
     0 | D:1      | Homeless the Mummy Summoner began the quest for the Orb.
     0 | D:1      | Reached XP level 1. HP: 13/13 MP: 4/4
   505 | D:1      | Reached XP level 2. HP: 7/19 MP: 3/5
   742 | D:1      | Reached skill level 1 in Armour
   816 | D:1      | Learned a level 2 spell: Call Imp
   824 | D:1      | You fall into a shaft and drop 1 floor!
  1152 | D:2      | Found a faded altar of an unknown god.
  1159 | D:2      | Slain by a jackal

Illustrated notes

Levels and vault maps discovered:
D:1:      dpeg_arrival_signposts, layout_basic
D:2:      cheibrodos_fertilizer, layout_rooms, shapermc_ecumenical_altar_gd,
          uniq_sigmund

Skill      XL: |  1  2 |
---------------+-------+-----
Armour         | 1 |  1.2
Stealth        | 2 |  2.0
Dodging        | |  1.5
Spellcasting   | |  2.6
Summonings     | |  3.4

Action                   || total
-------------------------++-------
Melee: Unarmed           ||     2
       Dagger            ||     7
 Cast: Summon Small Mamm ||    32
       Call Imp          ||     3
  Use: Scroll            ||     1
Armor: Robe              ||    16
Dodge: Dodged            ||    49
